 Dungeon Crawl Stone Soup version 0.25-a0-822-g6581751 (webtiles) character file.

Game seed: 3058794957428021366, levelgen mode: deterministic

141815 MrTaco21 the Warrior (level 17, -6/120 HPs)
             Began as a Gargoyle Fighter on Apr 20, 2020.
             Was the Champion of Qazlal.
             Killed by the air
             ... invoked by a wind drake
              (22 damage)
             ... on level 4 of the Shoals.
             The game lasted 01:26:53 (34962 turns).

MrTaco21 the Warrior (Gargoyle Fighter)            Turns: 34962, Time: 01:26:53

Health: -6/120     AC: 51    Str: 29    XL:     17   Next: 34%
Magic:  23/23      EV:  7    Int:  9    God:    Qazlal [******]
Gold:   1701       SH: 25    Dex:  9    Spells: 16/16 levels left

rFire    + + .     SeeInvis +   H - +3 demon whip (flame)
rCold    + + +     Gourm    .   Z - +0 kite shield
rNeg     + . .     Faith    .   m - +0 crystal plate armour {rC+}
rPois    ∞         Spirit   .   g - +0 helmet {SInv}
rElec    +         Reflect  +   t - +0 cloak
rCorr    .         Harm     .   D - +1 pair of gloves of Baldness {rPois Regen+}
MR       +....                  W - +3 pair of boots of Daisies {rC++ Str+2}
Stlth    ..........             a - +3 amulet of reflection
HPRegen  0.70/turn              N - ring of protection from fire
MPRegen  0.18/turn              i - ring of protection from fire

@: protected from physical damage, flying, very slightly contaminated, repel
missiles
A: big wings, negative energy resistance 1, electricity resistance, unbreathing,
petrification resistance, rot immunity, AC +12
a: Stop Flying, Upheaval, Elemental Force, Disaster Area, Renounce Religion


You were on level 4 of the Shoals.
You worshipped Qazlal.
Qazlal was exalted by your worship.
You were not hungry.

You visited 6 branches of the dungeon, and saw 29 of its levels.
You also visited: Ice Cave.

You collected 2331 gold pieces.
You spent 630 gold pieces at shops.

Inventory:

Hand Weapons
 H - a +3 demon whip of flaming (weapon)
   (You took it off a spriggan on level 6 of the Lair of Beasts)
Missiles
 B - 45 poisoned darts (quivered)
 X - 5 throwing nets {!f}
Armour
 g - a +0 helmet of see invisible (worn)
   (You bought it in a shop on level 4 of the Dungeon)
 m - a +0 crystal plate armour of cold resistance (worn)
   (You found it in an ice cave)
 t - a +0 cloak (worn)
   (You found it on level 13 of the Dungeon)
 D - the +1 pair of gloves of Baldness (worn) {rPois Regen+}
   (You bought it in a shop on level 4 of the Dungeon)

   It protects you from poison.
   It increases your rate of regeneration.
 W - the +3 pair of boots of Daisies (worn) {rC++ Str+2}
   (You found it on level 3 of the Lair of Beasts)

   It affects your strength (+2).
   It greatly protects you from cold.
 Z - a +0 kite shield (worn)
Jewellery
 a - a +3 amulet of reflection (around neck)
   (You found it on level 3 of the Dungeon)
 f - an uncursed ring of resist corrosion
   (You found it on level 1 of the Dungeon)
 i - a ring of protection from fire (right hand)
   (You found it on level 3 of the Dungeon)
 N - a ring of protection from fire (left hand)
   (You took it off a centaur on level 9 of the Dungeon)
Wands
 c - a wand of disintegration (13)
   (You found it on level 6 of the Lair of Beasts)
 d - a wand of iceblast (15)
   (You found it on level 6 of the Dungeon)
 u - a wand of paralysis (9)
   (You found it on level 6 of the Lair of Beasts)
 v - a wand of digging (14)
   (You found it on level 11 of the Dungeon)
 C - a wand of enslavement (8)
   (You found it on level 2 of the Lair of Beasts)
 M - a wand of scattershot (12)
   (You found it on level 8 of the Dungeon)
Scrolls
 b - 2 scrolls of fear {unknown}
 l - 4 scrolls of fog
 n - 4 scrolls of magic mapping
 p - 12 scrolls of remove curse {@r2}
 s - 3 scrolls of blinking
 y - 5 scrolls of amnesia
 A - 5 scrolls of enchant weapon
 I - a scroll of immolation {unknown}
 K - a scroll of brand weapon {unknown}
 L - 6 scrolls of enchant armour
 O - 2 scrolls of silence
 P - 2 scrolls of acquirement {unknown}
 R - 2 scrolls of vulnerability {unknown}
 T - a scroll of summoning {unknown}
 Y - 12 scrolls of teleportation {@r4}
Potions
 j - a potion of magic {unknown}
 k - 3 potions of resistance
 q - 2 potions of lignification {!q}
 r - 11 potions of curing {@q1}
 w - 2 potions of cancellation
 x - 2 potions of heal wounds {@q2}
 z - 4 potions of ambrosia
 F - a potion of invisibility {unknown}
 G - 3 potions of might
 J - 4 potions of haste {@q3}
 S - a potion of stabbing {unknown}
 U - 5 potions of brilliance
 V - 3 potions of mutation {!q}
Miscellaneous
 E - a phantom mirror
Comestibles
 e - 25 rations {!d}


   Skills:
 + Level 18.2 Fighting
 - Level 12.0 Maces & Flails
 + Level 17.1 Armour
 - Level 15.0 Shields
 - Level 9.0 Invocations


You had 16 spell levels left.
You didn't know any spells.
Your spell library contained the following spells:

 Spells                   Type           Power        Failure   Level  Hunger
 Beastly Appendage        Tmut           #.....       99%         1    ##.....
 Corona                   Hex            #......      99%         1    ##.....
 Foxfire                  Conj/Fire      #...         99%         1    ##.....
 Blink                    Tloc           N/A          100%        2    ###....
 Shroud of Golubria       Chrm/Tloc      #.....       100%        2    ###....
 Slow                     Hex            #.......     100%        2    ###....
 Sticks to Snakes         Tmut           #.......     100%        2    ###....
 Conjure Flame            Conj/Fire      #.......     100%        3    ####...
 Gell's Gravitas          Tloc           #.........   100%        3    ####...
 Ignite Poison            Fire/Tmut/Pois #.......     100%        3    ####...
 Inner Flame              Hex/Fire       #.......     100%        3    ####...
 Lesser Beckoning         Tloc           #.........   100%        3    ####...
 Portal Projectile        Hex/Tloc       #.....       100%        3    ####...
 Spider Form              Tmut/Pois      #.........   100%        3    ####...
 Teleport Other           Tloc           #.......     100%        3    ####...
 Cause Fear               Hex            #.........   100%        4    #####..
 Ice Form                 Ice/Tmut       #.......     100%        4    #####..
 Leda's Liquefaction      Hex/Erth       #.........   100%        4    #####..
 Passage of Golubria      Tloc           N/A          100%        4    #####..
 Sticky Flame             Conj/Fire      #.......     100%        4    #####..
 Blade Hands              Tmut           #.........   100%        5    ######.
 Bolt of Magma            Conj/Fire/Erth #.........   100%        5    ######.
 Fireball                 Conj/Fire      #.........   100%        5    ######.
 Iron Shot                Conj/Erth      #.........   100%        6    #######
 Starburst                Conj/Fire      #.........   100%        6    #######
 Ring of Flames           Chrm/Fire      #.........   100%        7    #######
 Ignition                 Fire           #.........   100%        8    #######
 Shatter                  Erth           #.........   100%        9    #######
 Statue Form              Tmut/Erth      Unusable     N/A         6    N/A

Dungeon Overview and Level Annotations

Branches:
Dungeon (15/15)            Temple (1/1) D:5            Lair (6/6) D:10
 Shoals (4/4) Lair:2        Snake (0/4) Lair:3        Slime (1/5) Lair:5
    Orc (2/2) D:10            Elf (0/3) Orc:2        Vaults (0/5) D:13
 Depths (0/5) D:15          IceCv (visited)

Altars:
Ashenzari
Cheibriados
Dithmenos
Elyvilon
Fedhas
Gozag
Hepliaklqana
Kikubaaqudgha
Makhleb
Nemelex Xobeh
Okawaru
Qazlal
Ru
Sif Muna
Trog
Uskayaw
Vehumet
Wu Jian
Xom
Yredelemnul
Zin
The Shining One
Beogh

Shops:
D:4 [   D:9 ?   D:12 =   Orc:2 [[[:   Shoals:3 [

Annotations:
Shoals:4 Ilsuiw, Roxanne


Innate Abilities, Weirdness & Mutations

You are resistant to torment.
Your stone body is resilient. (AC +12)
You are immune to poison.
Your large and strong wings let you fly indefinitely.
You resist negative energy. (rN+)
You are resistant to electric shocks. (rElec)
You can survive without breathing.
You are immune to petrification.
You are immune to rotting.


Message History

The air twists around and violently strikes you in flight!
* * * LOW HITPOINT WARNING * * *
The merfolk siren chants its luring song.
You whack the merfolk siren! You burn the merfolk siren.
The harpy is engulfed in freezing vapours.
You block the harpy's attack. x2; You block the manticore's attack.
The manticore claws you but does no damage.
You block the manticore's attack. The snapping turtle barely misses you.
The merfolk aquamancer casts a spell.
The merfolk aquamancer blinks!
The harpy is engulfed in freezing vapours.
The harpy closely misses you. The harpy barely misses you.
You thrash the merfolk siren!! You burn the merfolk siren.
You break out of your daze!
You kill the merfolk siren!
Qazlal accepts your kill.
You hear a splash.
You block the harpy's attack. The harpy claws you but does no damage.
Ilsuiw is engulfed in freezing vapours.
Ilsuiw gestures wildly while chanting.
The harpy is engulfed in freezing vapours.
You block the harpy's attack. x2
The merfolk hits you from afar with a +0 trident.
* * * LOW HITPOINT WARNING * * *
You feel more protected from physical attacks.
The harpy screeches!
You hear a shout!
The harpy is engulfed in freezing vapours.
The harpy claws you!
* * * LOW HITPOINT WARNING * * *
You block the harpy's attack. You block the manticore's attack. x3
The sea snake bites you but does no damage.
The merfolk aquamancer gestures at you while chanting.
The ball of steam hits the plant!!!
The ball of steam misses you.
The ball of steam hits the snapping turtle!
The wind drake flaps its wings at you.
The air twists around and violently strikes you in flight!
* * * LOW HITPOINT WARNING * * *
You block the snapping turtle's attack.
Ilsuiw is engulfed in freezing vapours.
The merfolk hits you but does no damage.
The harpy claws you but does no damage. x2
Blink to where?
You are very lightly contaminated with residual magic.
As you read the scroll of blinking, it crumbles to dust.
The wind drake flaps its wings at you.
The air twists around and violently strikes you in flight!!
* * * LOW HITPOINT WARNING * * *
The snapping turtle is engulfed in a cloud of scalding steam.
The wind drake flaps its wings at you.
The air twists around and violently strikes you in flight!!
You die...

≈≈≈≈≈≈...........≈≈≈≈≈≈≈≈
≈≈≈≈≈≈≈≈≈≈≈≈≈≈≈..≈≈≈≈≈≈≈≈
≈≈≈≈..≈<≈≈≈≈≈≈...≈≈≈≈≈≈≈≈
≈≈≈≈≈≈≈≈≈≈≈≈≈....≈≈≈≈≈≈≈≈
≈≈≈≈≈≈≈≈≈≈≈≈......≈≈≈≈≈≈≈
≈≈≈≈≈≈≈≈≈≈≈≈#..####.≈≈≈≈≈≈
≈≈≈≈≈≈≈≈≈≈≈≈#### #.≈≈≈≈≈≈
≈≈≈≈≈≈≈≈≈≈≈≈##≈≈ #≈###≈≈≈≈≈
≈≈≈≈≈≈≈≈§≈@≈# ≈≈≈≈ ≈##≈≈≈≈≈
≈≈≈≈≈≈≈≈≈≈≈§≈## ≈#≈ ≈##≈≈≈≈≈≈
≈≈≈≈≈≈≈≈≈≈≈☼H≈##≈≈ ≈≈ ##≈≈≈≈≈
≈≈≈≈≈≈≈≈≈≈≈≈§##≈≈#≈#≈≈##≈≈≈≈≈
≈c≈≈≈≈≈≈H≈≈≈≈≈#≈≈≈≈≈≈≈#≈≈≈≈≈≈
≈≈≈≈≈≈≈≈≈t≈≈≈##≈≈≈# ###≈≈≈≈≈
≈≈≈≈≈≈≈≈≈HmE≈≈≈##### #≈≈≈≈≈≈≈
≈
≈≈≈≈≈≈≈§≈SkH≈≈)#.≈.###≈)≈≈≈≈≈
≈
≈≈≈≈≈○m§≈)°≈≈......≈≈?≈≈≈≈≈≈≈


You could see Ilsuiw (invisible), a sea snake, a snapping turtle, a wind drake,
a manticore, a water elemental and 3 harpies.

Vanquished Creatures
  Nikola (Shoals:2)
  Jorgrun (D:12)
  Polyphemus (Shoals:2)
  A dire elephant (Lair:4)
  3 merfolk javelineers
  4 merfolk impalers
  2 ettins
  The ghost of Cyblon the Thaumaturge, a journeyman GnWz of Ashenzari (Lair:3)
  Josephine (Lair:5)
  6 hydras
  The ghost of Piol the Blocker, a journeyman FoFi of the Shining One (Orc:1)
  Erolcha (Orc:1)
  An ice dragon (Lair:3)
  A death knight (D:12)
  6 two-headed ogres
  3 merfolk avatars
  A catoblepas (Shoals:1)
  An ogre mage (D:15)
  A centaur warrior (D:15)
  A two-headed ogre (shapeshifter) (D:13)
  3 merfolk aquamancers
  A deep troll earth mage (D:12)
  3 tengu warriors
  5 orc high priests (Orc:2)
  4 death yaks
  Nergalle (Lair:1)
  7 skeletal warriors
  6 sea snakes
  A deep troll (D:13)
  An unseen horror (D:15)
  6 orc knights (Orc:2)
  A phantasmal warrior (D:13)
  5 orc sorcerers
  14 harpies
  8 manticores
  4 oklob plants
  2 cyclopes (D:15)
  7 fauns
  An ugly thing (D:12)
  10 deep elf magi
  21 elephants
  2 ice statues (IceCv)
  4 water nymphs
  Joseph (D:8)
  6 black mambas
  7 merfolk sirens
  2 gargoyles
  5 rime drakes
  7 spiny frogs
  6 komodo dragons
  2 kobold demonologists
  10 ice devils (IceCv)
  3 meliai (D:13)
  A wind drake (Shoals:3)
  3 trolls (D:11)
  18 merfolk
  7 hornets
  3 polar bears
  17 hippogriffs
  2 dream sheep
  4 blink frogs (Lair:6)
  6 snapping turtles
  A centaur simulacrum (D:15)
  5 wraiths (Lair:5)
  23 yaks
  4 wyverns
  9 water elementals
  Eustachio (D:4)
  21 spriggans
  2 hungry ghosts
  A vampire (D:9)
  2 basilisks
  A human (D:10)
  Menkaure (D:7)
  5 vampire mosquitoes
  A soldier ant (D:11)
  3 wargs
  17 water moccasins
  5 porcupines
  38 orc warriors
  2 sky beasts
  11 ice beasts
  A black mamba simulacrum (Lair:3)
  An eye of draining (D:9)
  4 boggarts (Lair:6)
  11 black bears
  25 wolves
  5 phantoms
  16 centaurs
  10 ogres
  7 crocodiles
  4 big kobolds (D:14)
  16 bullfrogs
  A spiny frog simulacrum (Lair:3)
  2 water moccasin zombies
  4 scorpions
  7 killer bees
  2 dream sheep simulacra (Lair:3)
  An elephant simulacrum (Lair:3)
  A water moccasin skeleton (D:5)
  3 vampire bats (Lair:4)
  14 wights
  7 howler monkeys
  An electric eel (Lair:1)
  4 crimson imps
  A quasit (D:10)
  2 centaur zombies
  2 bullfrog zombies
  4 centaur skeletons
  A komodo dragon simulacrum (Lair:3)
  3 bullfrog skeletons
  2 jellies
  36 orc priests
  8 hounds
  4 iguanas
  20 orc wizards
  16 worker ants
  A yak simulacrum (Lair:3)
  2 hound zombies (D:8)
  3 hound skeletons
  2 worker ant zombies
  26 adders
  3 gnolls (D:3)
  4 shadow imps
  8 white imps (IceCv)
  7 ufetubi (IceCv)
  4 adder zombies
  2 adder skeletons
  2 worms (D:3)
  3 dart slugs
  5 leopard geckos
  91 orcs
  6 ball pythons
  12 bats
  5 giant cockroaches
  4 hobgoblins
  6 jackals
  10 quokkas
  A ball python skeleton (D:5)
  9 frilled lizards
  4 goblins
  A jackal skeleton (D:6)
  A jackal zombie (D:5)
  18 kobolds
  2 quokka skeletons
  A quokka zombie (D:6)
  9 rats
  2 plants
918 creatures vanquished.

Vanquished Creatures (others)
  A reaper (IceCv)
  A deep elf mage (Orc:1)
  2 manticores
  3 fauns
  A merfolk (Shoals:2)
  2 centaurs
  2 white imps (IceCv)
  3 ufetubi (IceCv)
  An orc (Orc:2)
  34 fungi
  24 plants
74 creatures vanquished.

Grand Total: 992 creatures vanquished

Notes
Turn   | Place    | Note
-------+----------+-------------------------------------------
     0 | D:1      | MrTaco21 the Gargoyle Fighter began the quest for the Orb.
     0 | D:1      | Reached XP level 1. HP: 14/14 MP: 1/1
   149 | D:1      | Reached XP level 2. HP: 19/19 MP: 2/2
   418 | D:1      | Reached XP level 3. HP: 23/23 MP: 3/3
  1394 | D:3      | Reached XP level 4. HP: 16/28 MP: 4/4
  1685 | D:3      | Reached skill level 5 in Maces & Flails
  1685 | D:3      | Reached XP level 5. HP: 27/32 MP: 5/5
  2393 | D:3      | Reached XP level 6. HP: 37/37 MP: 6/6
  2728 | D:4      | Noticed Eustachio
  2738 | D:4      | Killed Eustachio
  2806 | D:4      | Reached XP level 7. HP: 40/41 MP: 7/7
  2896 | D:4      | Found Hutwe's Armour Boutique.
  2905 | D:4      | Bought a +0 helmet of see invisible for 149 gold pieces
  3523 | D:5      | Entered Level 5 of the Dungeon
  3726 | D:5      | Reached XP level 8. HP: 44/46 MP: 8/8
  4058 | D:5      | Reached skill level 10 in Maces & Flails
  4312 | D:5      | Found a staircase to the Ecumenical Temple.
  4327 | Temple   | Entered the Ecumenical Temple
  4592 | Temple   | Became a worshipper of Qazlal Stormbringer
  5453 | D:6      | Reached * piety under Qazlal
  5456 | D:6      | Reached XP level 9. HP: 40/51 MP: 9/9
  6795 | D:7      | Found a sacrificial altar of Ru.
  6967 | D:7      | Noticed Menkaure
  6987 | D:7      | Killed Menkaure
  6987 | D:7      | Reached skill level 5 in Shields
  7904 | D:8      | Noticed a two-headed ogre
  7913 | D:8      | Killed a two-headed ogre
  7913 | D:8      | Reached ** piety under Qazlal
  7913 | D:8      | Reached XP level 10. HP: 35/56 MP: 10/10
  8519 | D:8      | Noticed Joseph
  8532 | D:8      | Killed Joseph
  8743 | D:9      | Noticed a two-headed ogre
  8808 | D:9      | Reached skill level 10 in Shields
  9204 | D:9      | Killed a two-headed ogre
  9993 | D:9      | Reached XP level 11. HP: 13/60 MP: 11/11
 10528 | D:9      | Found Vaduatul's Magic Scroll Shoppe.
 10668 | D:10     | Entered Level 10 of the Dungeon
 10915 | D:10     | Reached *** piety under Qazlal
 11111 | D:10     | Found a staircase to the Orcish Mines.
 11382 | D:10     | HP: 2/60 [orc priest/divine providence (14)]
 11891 | D:10     | Found a staircase to the Lair.
 12161 | D:11     | Got a spiked leather armour
 12176 | D:11     | Found a frozen archway.
 12223 | D:11     | Reached skill level 4 in Fighting
 12363 | D:11     | Reached skill level 5 in Fighting
 12379 | D:11     | Reached **** piety under Qazlal
 13076 | D:9      | Bought a scroll of identify for 34 gold pieces
 13076 | D:9      | Bought a scroll of remove curse for 51 gold pieces
 13076 | D:9      | Bought a scroll of blinking for 127 gold pieces
 13231 | D:12     | Reached skill level 6 in Fighting
 13283 | D:12     | Noticed a two-headed ogre
 13293 | D:12     | Killed a two-headed ogre
 13318 | D:12     | Noticed a skeletal warrior
 13323 | D:12     | Noticed a skeletal warrior
 13328 | D:12     | Noticed a skeletal warrior
 13333 | D:12     | Noticed a skeletal warrior
 13349 | D:12     | Killed a skeletal warrior
 13349 | D:12     | Reached XP level 12. HP: 71/71 MP: 12/12
 13366 | D:12     | Reached skill level 7 in Fighting
 13604 | D:12     | Reached skill level 15 in Shields
 13885 | D:12     | Reached skill level 8 in Fighting
 13895 | D:12     | Noticed a tengu warrior
 14151 | D:12     | Found Miodal's Jewellery Boutique.
 14162 | D:12     | Noticed Jorgrun
 14577 | D:12     | Killed a tengu warrior
 14656 | D:12     | Reached skill level 5 in Armour
 14658 | D:12     | Reached skill level 9 in Fighting
 14680 | D:12     | Noticed a deep troll earth mage
 14806 | Lair:1   | Entered Level 1 of the Lair of Beasts
 14836 | Lair:1   | Noticed Nergalle
 14850 | Lair:1   | Killed Nergalle
 15139 | Lair:1   | Reached skill level 10 in Fighting
 15333 | Lair:1   | Noticed an eight-headed hydra
 15368 | Lair:1   | Killed an eight-headed hydra
 15486 | Lair:1   | Noticed an eight-headed hydra
 15499 | Lair:1   | Killed an eight-headed hydra
 15499 | Lair:1   | Reached XP level 13. HP: 45/83 MP: 13/13
 16194 | Lair:1   | Identified the +2 leather armour of the Distant Future
                  | {rElec Regen+} (You found it on level 11 of the Dungeon)
 16564 | Lair:2   | Reached skill level 11 in Fighting
 16607 | Lair:2   | Found a staircase to the Shoals.
 16646 | Lair:2   | Reached ***** piety under Qazlal
 17493 | Lair:3   | Got a pair of ancient boots
 17517 | Lair:3   | Identified the +3 pair of boots of Daisies {rC++ Str+2}
                  | (You found it on level 3 of the Lair of Beasts)
 17671 | Lair:3   | Found a staircase to the Snake Pit.
 17749 | Lair:3   | Found a runed translucent gate.
 17754 | Lair:3   | Found a runed translucent gate.
 17755 | Lair:3   | Found a runed translucent gate.
 17775 | Lair:3   | Noticed Cyblon's ghost (journeyman GnWz)
 18056 | Lair:3   | Noticed an ice dragon
 18295 | Lair:4   | Reached skill level 12 in Fighting
 18298 | Lair:4   | Reached skill level 10 in Armour
 18752 | Lair:4   | Noticed a dire elephant
 19015 | Lair:4   | Killed a dire elephant
 19238 | Lair:4   | Gained mutation: Your large and strong wings let you fly
                  | indefinitely. [Gargoyle growth]
 19238 | Lair:4   | Reached XP level 14. HP: 92/92 MP: 14/14
 19257 | Lair:3   | Reached skill level 13 in Fighting
 20116 | Lair:5   | Noticed Josephine
 20126 | Lair:5   | Killed Josephine
 20893 | Lair:5   | Found a staircase to the Slime Pits.
 20945 | Lair:6   | Entered Level 6 of the Lair of Beasts
 21245 | Lair:6   | Reached ****** piety under Qazlal
 21475 | Lair:6   | Reached skill level 14 in Fighting
 21502 | Lair:6   | Reached skill level 1 in Invocations
 23959 | D:12     | Killed Jorgrun
 24599 | D:13     | Reached XP level 15. HP: 96/101 MP: 18/18
 24613 | D:13     | Reached skill level 5 in Invocations
 25381 | D:13     | Found a gate to the Vaults.
 25541 | D:14     | Reached skill level 15 in Fighting
 26336 | D:15     | Entered Level 15 of the Dungeon
 26567 | D:15     | Found a staircase to the Depths.
 26762 | D:15     | Found a frozen archway.
 26822 | IceCv    | Entered an ice cave
 27714 | D:4      | Bought the +1 pair of gloves of Baldness {rPois Regen+} for
                  | 269 gold pieces
 28465 | Lair:3   | Killed Cyblon's ghost
 28879 | Orc:1    | Entered Level 1 of the Orcish Mines
 29113 | Orc:1    | Noticed Piol's ghost (journeyman FoFi)
 29165 | Orc:1    | Noticed Erolcha
 29174 | Orc:1    | Killed Erolcha
 29177 | Orc:1    | Found a transporter.
 29237 | Orc:1    | Reached skill level 16 in Fighting
 29265 | Orc:1    | Reached XP level 16. HP: 106/110 MP: 22/22
 29443 | Orc:1    | Found a roughly hewn altar of Beogh.
 29490 | Orc:1    | Found a transporter.
 29590 | Orc:1    | Killed Piol's ghost
 29620 | Orc:2    | Entered Level 2 of the Orcish Mines
 29735 | Orc:2    | Reached skill level 15 in Armour
 29882 | Orc:2    | Found a gate leading to a gauntlet.
 30433 | Orc:2    | Found a staircase to the Elven Halls.
 30767 | Orc:2    | Found Oddattomai's Book Emporium.
 30770 | Orc:2    | Found Mimeclot's Armour Shoppe.
 30771 | Orc:2    | Found Tolyx's Antique Armour Emporium.
 30772 | Orc:2    | Found Tunoety's Armour Emporium.
 31149 | Slime:1  | Entered Level 1 of the Pits of Slime
 31253 | Shoals:1 | Entered Level 1 of the Shoals
 32260 | Shoals:2 | Noticed Nikola
 32288 | Shoals:2 | Noticed Polyphemus
 32300 | Shoals:2 | Reached skill level 17 in Fighting
 32304 | Shoals:2 | HP: 2/112 [catoblepas[Polyphemus] (9)]
 32658 | Shoals:2 | Killed Nikola
 32842 | Shoals:2 | Killed Polyphemus
 32900 | Shoals:2 | Got a crude chain mail
 33217 | Shoals:2 | Got a slimy great sword
 33606 | Shoals:3 | Reached XP level 17. HP: 111/118 MP: 23/23
 33811 | Shoals:3 | Found Yroink's Armour Shop.
 34682 | Shoals:4 | Entered Level 4 of the Shoals
 34695 | Shoals:4 | Identified Roxanne's Collected Works on Transmutation
 34695 | Shoals:4 | Noticed Roxanne
 34703 | Shoals:3 | Reached skill level 18 in Fighting
 34749 | Shoals:4 | Noticed Ilsuiw
 34962 | Shoals:4 | Killed from afar by a wind drake

Levels and vault maps discovered:
D:1:      minmay_arrival_nine_rooms, layout_basic, nrook_loot_triangle
D:2:      layout_basic
D:3:      layout_loops_ring, serial_undead, serial_undead_f, serial_undead_f,
          serial_undead_d, serial_undead_a, bh_walls_and_bars
D:4:      layout_basic, first_ration, serial_shops, shop, uniq_eustachio
D:5:      layout_basic, minmay_temple_entry_overgrown
D:6:      layout_layer_cave
D:7:      layout_loops_ring, nicolae_ru_the_path_less_chosen, uniq_menkaure
D:8:      minmay_chambers_of_fours, layout_basic, serial_glass, glass_columns_a,
          glass_columns_a, uniq_joseph
D:9:      layout_rooms, serial_shops, shop
D:10:     layout_cave_pods, lair_entry_dummy, erik_orc_4
D:11:     layout_rooms, portal_ice_cave_entry_ice_beasts,
          hangedman_pestilent_swarm
D:12:     layout_roguey, serial_shops, kennysheep_little_box, nzn_random_ring,
          uniq_jorgrun
D:13:     layout_irregular_city, david_vaults_4
D:14:     layout_irregular_city, kennysheep_small_spiral
D:15:     hangedman_depths_entry_civil_slaughter, layout_loops_ring,
          portal_ice_cave_entry_pillars_2
Temple:   nicolae_temple_the_god_donut
Lair:1:   layout_cave_pods, infiniplex_staircase_pool_2, serial_bayou_shore_a,
          grunt_megastairs_1, minmay_lair_oklob_chamber, uniq_nergalle
Lair:2:   layout_roguey, elwin_shoals_entry_stream, minmay_shattered_shrine
Lair:3:   layout_loops_ring, minmay_snake_entry_six_corridors,
          gammafunk_ghost_icy
Lair:4:   mu_elephants_graveyard, layout_regular_city, roderic_batcave
Lair:5:   layout_loops_ring, minmay_slime_entry_oklob_open, uniq_josephine
Lair:6:   minmay_lair_end_enchanted_forest, layout_regular_city, wad_woods_01
Shoals:1: layout_shoals
Shoals:2: layout_shoals, nicolae_shoals_stone_sculpture_thing, uniq_nikola,
          uniq_polyphemus
Shoals:3: layout_shoals, serial_shops, nicolae_shop_waterfront
Shoals:4: shoals_end_grunt_ice, layout_shoals, shoals_ilsuiw_ice, uniq_roxanne
Slime:1:  layout_caves, cheibrodos_slime_lost_civilization_6
Orc:1:    layout_diamond_mine, gammafunk_ghost_arena, basic_altar,
          elves_outpost_lemuel, uniq_erolcha
Orc:2:    st_orc_pillars, layout_caves, gauntlet_entry_generic

Skill      XL: |  1  2  3  4  5  6  7  8  9 10 11 12 13 14 15 16 17 |
---------------+----------------------------------------------------+-----
Maces & Flails | 3 4 5 6 7 9 11 12 | 12.0
Shields        | 8 12 14 15 | 15.0
Fighting       | 6 10 12 14 16 17 18 | 18.2
Armour         | 7 11 13 14 16 17 | 17.1
Invocations    | 4 8 9 |  9.0

Action                   |  1- 3 |  4- 6 |  7- 9 | 10-12 | 13-15 | 16-18 || total
-------------------------+-------+-------+-------+-------+-------+-------++-------
Melee: Flail             |   166 |   147 |   420 |  1140 |  1161 |       ||  3034
       Demon whip        |       |       |       |       |   854 |   876 ||  1730
Throw: Dart              |       |       |       |    24 |    19 |     4 ||    47
Invok: Upheaval          |       |       |       |     1 |     1 |       ||     2
 Abil: Fly               |       |       |       |       |     1 |       ||     1
  Use: Scroll            |       |     2 |     1 |     8 |     9 |     8 ||    28
       Potion            |       |       |       |     1 |       |     3 ||     4
  Eat: Chunk             |     1 |     6 |    14 |    17 |    29 |    14 ||    81
       Ration            |       |       |     1 |     3 |     5 |     2 ||    11
Armor: Scale mail        |   119 |    83 |       |       |       |       ||   202
       Chain mail        |       |    36 |   223 |   121 |       |       ||   380
       Plate armour      |       |       |       |   274 |   664 |       ||   938
       Crystal plate arm |       |       |       |       |    37 |   397 ||   434
Dodge: Dodged            |    48 |    42 |    72 |   146 |   253 |   114 ||   675
       Repelled          |       |       |       |     6 |    10 |    33 ||    49
Block: Kite shield       |   103 |   111 |   247 |  1091 |  2001 |   874 ||  4427
       Reflection        |       |       |     5 |    26 |    45 |   117 ||   193

Table legend:
 A = Non-vault XP
 B = Vault XP
 C = Vault XP percentage of total XP
 D = Non-vault monster count
 E = Vault monster count
 F = Vault count percentage of total count
                 A         B        C        D         E       F
            +---------+---------+-------+---------+---------+-------
      Total |  109305 |   93288 |  46.0 |     597 |     328 |  35.5
            +---------+---------+-------+---------+---------+-------
        D:1 |      41 |       0 |   0.0 |      24 |       0 |   0.0
        D:2 |      31 |       0 |   0.0 |       6 |       0 |   0.0
        D:3 |     227 |      47 |  17.2 |      42 |       5 |  10.6
        D:4 |     438 |     208 |  32.2 |      20 |       1 |   4.8
        D:5 |     862 |       0 |   0.0 |      34 |       0 |   0.0
        D:6 |    1220 |       0 |   0.0 |      25 |       0 |   0.0
        D:7 |     598 |     169 |  22.0 |      13 |       1 |   7.1
        D:8 |    1762 |     751 |  29.9 |      18 |       6 |  25.0
        D:9 |    4012 |       0 |   0.0 |      38 |       0 |   0.0
       D:10 |    1735 |     706 |  28.9 |      22 |      16 |  42.1
       D:11 |    2376 |    1815 |  43.3 |      38 |      12 |  24.0
       D:12 |    6059 |    8326 |  57.9 |      27 |      19 |  41.3
       D:13 |    6281 |    4409 |  41.2 |      32 |       5 |  13.5
       D:14 |    4567 |       0 |   0.0 |      32 |       0 |   0.0
       D:15 |    4703 |    5246 |  52.7 |      15 |       6 |  28.6
     Lair:1 |    5906 |    1460 |  19.8 |      21 |       3 |  12.5
     Lair:2 |    4064 |    5079 |  55.6 |      16 |      14 |  46.7
     Lair:3 |    2131 |    8404 |  79.8 |       9 |      35 |  79.5
     Lair:4 |    4690 |    3787 |  44.7 |      16 |      13 |  44.8
     Lair:5 |    1451 |    3793 |  72.3 |       9 |       9 |  50.0
     Lair:6 |    7846 |    9998 |  56.0 |      21 |      56 |  72.7
   Shoals:1 |   16905 |    1795 |   9.6 |      34 |       2 |   5.6
   Shoals:2 |    9631 |    7815 |  44.8 |      16 |       4 |  20.0
   Shoals:3 |   14776 |     211 |   1.4 |      30 |       1 |   3.2
   Shoals:4 |    2185 |    5221 |  70.5 |       4 |       9 |  69.2
      Orc:1 |    4194 |    7781 |  65.0 |      25 |      13 |  34.2
      Orc:2 |     614 |   11785 |  95.0 |      10 |      71 |  87.7
      IceCv |       0 |    4482 | 100.0 |       0 |      27 | 100.0
            +---------+---------+-------+---------+---------+-------
